 Dungeon Crawl Stone Soup version 0.13.0-26-gf7ffa3a (webtiles) character file.

329 Malachi the Cutter (level 4, 30/30 HPs)
             Began as a Vampire Enchanter on Oct 31, 2013.
             Safely got out of the dungeon.
             The game lasted 00:04:02 (2596 turns).

Malachi the Cutter (Vampire Enchanter)              Turns: 2596, Time: 00:04:02

HP  30/30        AC  3     Str  7      XL: 4   Next: 76%
MP   8/8         EV 13     Int 18      God:
Gold 208         SH  0     Dex 17      Spells:  2 memorised,  2 levels left

Res.Fire  : . . .   See Invis. : +   m - +1,+2 dagger (speed)
Res.Cold  : + . .   Warding    : .   b - +1 robe
Life Prot.: + + .   Conserve   : .   (no shield)
Res.Poison: +       Res.Corr.  : .   (no helmet)
Res.Elec. : .       Clarity    : .   (no cloak)
Sust.Abil.: . .     Spirit.Shd : .   (no gloves)
Res.Mut.  : .       Stasis     : .   (no boots)
Res.Rott. : +       Flight     : .   (no amulet)
Saprovore : . . .                    (no ring)
                                     s - +3 ring of dexterity

@: regenerating slowly, slightly resistant to hostile enchantments, stealthy
A: fangs 3, see invisible, unbreathing
a: Bat Form


You escaped.
You were very thirsty.

You visited 1 branch of the dungeon, and saw 3 of its levels.

You collected 188 gold pieces.

Inventory:

Hand weapons
 a - a +1,+1 dagger {=f}
 m - a +1,+2 dagger of speed (weapon)
 u - a +2,+2 elven spear of dragon slaying
Missiles
 d - 12 darts (quivered)
 h - 4 poisoned darts
Armour
 b - a +1 robe (worn)
Scrolls
 f - 6 scrolls of identify {unknown}
 j - 3 scrolls of remove curse {unknown}
 k - 2 scrolls of teleportation {unknown}
 l - a scroll of enchant weapon II {unknown}
 n - a scroll of curse jewellery {unknown}
 q - a scroll of random uselessness {unknown}
 t - a scroll of magic mapping {unknown}
 w - a scroll of fog {unknown}
 x - a scroll of enchant armour {unknown}
 y - a scroll of enchant weapon I {unknown}
Jewellery
 s - a +3 ring of dexterity (left hand)
Potions
 g - a potion of resistance {unknown}
 i - 3 potions of curing {unknown}
 o - a potion of restore abilities {unknown}
 p - a potion of might {unknown}
 r - a potion of speed {unknown}
 v - a potion of poison {unknown}
Books
 c - a book of Maledictions

   Spells                             Type                      Level
   *Corona                            Hexes                        1
   Sure Blade                         Hexes/Charms                 2
   *Ensorcelled Hibernation           Hexes/Ice                    2
   Confuse                            Hexes                        3
   Enslavement                        Hexes                        4
   Invisibility                       Hexes                        6


   Skills:
 - Level 1.0 Fighting
 * Level 4.9 Short Blades
 - Level 0.7 Throwing
 - Level 2.1 Dodging
 - Level 3.0 Stealth
 - Level 1.0 Spellcasting
 - Level 4.4 Hexes


You had 2 spell levels left.
You knew the following spells:

 Your Spells              Type           Power        Failure   Level  Hunger
a - Corona                Hex            ###....      3%          1    ##.....
b - Ensorcelled Hibernat  Hex/Ice        #.....       14%         2    ###....


Dungeon Overview and Level Annotations

Branches:
Dungeon (3/27)

Altars:
Yredelemnul


Innate Abilities, Weirdness & Mutations

You heal slowly.
You have razor-sharp teeth.*
You have supernaturally acute eyesight.
You can survive without breathing.*


Message History

Okay, then.
There is an escape hatch in the ceiling here.
A mysterious force pulls you upwards. The hatch slams shut behind you.
There is an open door here.
There is an open door here.
There is an escape hatch in the ceiling here.
A mysterious force pulls you upwards. The hatch slams shut behind you.
You see here a dart.
You see here a dart.
You see here a dart.
You see here a dart.
You see here a club.
Things that are here:
a spear; a short sword; a ring mail; an orcish club
There is a staircase leading out of the dungeon here.
Are you sure you want to leave the Dungeon?
This will make you lose the game!
Alright, then stay!
Unknown command.
Are you sure you want to leave the Dungeon?
This will make you lose the game!
You have escaped!

#...........)....((((....
#...........)####.###.)..
#.....#......# #.# ##.##
##...###...#)# #.# #.#
##########.[## #####.#
#.# #.#
............########.#
#.# #.#
##########...........#
##.####.# #...##.######
#.......# #...#..@.#
#..(..### ##..#....#
#.....# #..##'#'##
#####.####
#>....#..####### #.....
##.....##..##...###.####
#......##.....%...#.# #
#.#....###...%...)### #
#......# ###.....## #
#......## ####### ####


There were no monsters in sight!

Vanquished Creatures
  4 adders
  A giant mite (D:3)
  A worm (D:3)
  An inept feature mimic (D:2)
  A giant gecko (D:1)
  3 oozes
  4 bats
  3 giant cockroaches
  4 goblins
  9 hobgoblins
  7 jackals
  9 kobolds
  A quokka (D:2)
  2 giant newts (D:1)
  11 rats
61 creatures vanquished.

Notes
Turn   | Place    | Note
--------------------------------------------------------------
     0 | D:1      | Malachi, the Vampire Enchanter, began the quest for the Orb.
     0 | D:1      | Reached XP level 1. HP: 13/13 MP: 4/4
   344 | D:1      | Reached XP level 2. HP: 8/19 MP: 2/5
  1002 | D:1      | Reached XP level 3. HP: 18/24 MP: 6/6
  1049 | D:1      | Learned a level 2 spell: Ensorcelled Hibernation
  1452 | D:2      | Reached skill level 1 in Fighting
  1794 | D:2      | Reached XP level 4. HP: 30/30 MP: 8/8
  2158 | D:3      | Found a basalt altar of Yredelemnul.
  2596 | D:$      | Safely got out of the dungeon.

Action                   |  1- 3 |  4- 6 || total
-------------------------+-------+-------++-------
Melee: Dagger            |   161 |    76 ||   237
 Cast: Corona            |    24 |     4 ||    28
 Stab: Sleeping          |     4 |     4 ||     8
